 Dungeon Crawl Stone Soup version 0.30.1-9-gdf580d7c3d (webtiles) character file.

Game seed: 12328977658502433392

1911 booth the Ruffian (level 8, -3/118 HPs)
             Began as a Troll Gladiator on Oct 19, 2023.
             Was a Follower of Okawaru.
             Slain by an ogre
             ... wielding a +0 giant spiked club
              (14 damage)
             ... on level 7 of the Dungeon.
             The game lasted 00:47:44 (6703 turns).

booth the Ruffian (Troll Gladiator)                 Turns: 6703, Time: 00:47:45

Health: -3/118     AC:  5    Str: 23    XL:     8   Next: 95%
Magic:  7/7        EV: 11    Int:  4    God:    Okawaru [*.....]
Gold:   378        SH:  0    Dex: 13    Spells: 7/7 levels left

rFire   x . .        d - +1 giant club
rCold   x . .        (shield currently unavailable)
rNeg    . . .        a - +0 robe
rPois   .            b - +1 hat
rElec   .            (no cloak)
rCorr   .            (gloves unavailable)
SInv    .            (boots unavailable)
Will    .....        t - amulet of regeneration Stlth
                     (no ring)
HPRegen 1.99/turn    (no ring)
MPRegen 0.10/turn

%: random rage (3%)
@: berserking (expiring), very quick
A: large, unfitting armour, claws 3, regeneration 1, shaggy fur 1, tough skin 1,
berserk 1, cold vulnerability 1, heat vulnerability 1
a: Renounce Religion, Heroism


You were on level 7 of the Dungeon.
You worshipped Okawaru.
Okawaru was aware of your devotion.
You visited 2 branches of the dungeon, and saw 8 of its levels.

You collected 378 gold pieces.

Inventory:

Hand Weapons
 d - a +1 giant club (weapon)
 j - a +1 spectral hand axe
 p - a +0 great mace
 u - the +3 whip "Tidit" {freeze, Int+5}
   (You found it on level 4 of the Dungeon)

   Int:       It affects your intelligence (+5).
 y - a +3 flail
 A - the +11 Singing Sword {sonic wave}
   (You found it on level 4 of the Dungeon)
Missiles
 c - 2 throwing nets (quivered)
 o - 14 poisoned darts
 s - a curare-tipped dart
Armour
 a - a +0 robe (worn)
 b - a +1 hat (worn)
Jewellery
 h - a +6 ring of intelligence
 t - an amulet of regeneration (around neck)
 z - a ring of wizardry
Scrolls
 e - 2 scrolls of teleportation
 i - a scroll of vulnerability
 n - 2 scrolls of blinking
 r - a scroll of immolation
Potions
 g - a potion of flight
 k - a potion of attraction {unknown}
 l - a potion of resistance
 m - a potion of might
 q - a potion of magic


   Skills:
 + Level 4.3 Fighting
 * Level 3.4 Maces & Flails
 + Level 4.8 Throwing
 + Level 4.8 Dodging
 + Level 7.3 Unarmed Combat


You had 7 spell levels left.
You didn't know any spells.
Your spell library contained the following spells:

 Spells                   Type           Power      Damage    Failure   Level
 Necrotise                Necr           0%         1d4       50%         1
 Static Discharge         Conj/Air       0%         2-2/arc   65%         2
 Gell's Gravitas          Tloc           0%         N/A       86%         3
 Ignite Poison            Fire/Tmut/Pois 0%         N/A       86%         3
 Teleport Other           Tloc           0%         N/A       86%         3
 Vampiric Draining        Necr           0%         2d6       86%         3
 Airstrike                Air            0%         2d(0-16)  99%         4
 Petrify                  Tmut/Erth      0%         N/A       99%         4
 Sticky Flame             Conj/Fire      0%         2d3       99%         4
 Agony                    Necr           0%         N/A       100%        5
 Metabolic Englaciation   Hex/Ice        0%         N/A       100%        5
 Dispersal                Tloc           0%         N/A       100%        6
 Statue Form              Tmut/Erth      0%         N/A       100%        6
 Ignition                 Fire           0%         3d3       100%        8
 Summon Lightning Spire   Summ/Air       Unusable   N/A       N/A         4

Dungeon Overview and Level Annotations

Branches:
Dungeon (7/15)             Temple (1/1) D:4

Altars:
Ashenzari
Cheibriados
Dithmenos
Elyvilon
Gozag
Hepliaklqana
Kikubaaqudgha
Makhleb
Okawaru
Qazlal
Ru
Trog
Uskayaw
Vehumet
Wu Jian
Xom
Yredelemnul
Zin

Portals:
Abyss: D:5

Annotations:
D:5 2 transporters, foxicus's ghost, novice HOFi
D:7 Pikel


Innate Abilities, Weirdness & Mutations

You are too large for most types of armour.
You have claws for hands.
Your natural rate of healing is unusually fast.
You are covered in fur. (AC +1)
You have tough skin. (AC +1)
You sometimes lose your temper in combat.
You are vulnerable to cold. (rC-)
You are vulnerable to heat. (rF-)


Message History

Press: ? - help, Dir - move target, p - centaur
Found 15 gold pieces.
As you read the scroll of blinking, it crumbles to dust.
The centaur struggles against the net.
A red film seems to cover your vision as you go berserk!
You feel yourself moving faster!
You feel mighty!
You sock the centaur!
The centaur is heavily wounded.
The centaur struggles against the net.
The net rips apart, and the centaur comes free!
The centaur unwields a +0 shortbow.
The centaur closely misses you. The centaur barely misses you.
You sock the centaur!
You kill the centaur!
Okawaru accepts your kill.
You feel a strong urge to attack something.
You now have 378 gold pieces (gained 15).
You completely miss the ogre. The ogre barely misses you.
You barely miss the ogre. Pikel barely misses you.
You closely miss Pikel.
Pikel is almost dead.
The ogre barely misses you. Pikel barely misses you.
You barely miss Pikel.
Pikel is almost dead.
The ogre hits you with a +0 giant spiked club!
* * * LOW HITPOINT WARNING * * *
Pikel hits you with a +1 whip of flaming.
* * * LOW HITPOINT WARNING * * *
Pikel burns you.
* * * LOW HITPOINT WARNING * * *
You bludgeon the ogre!!
The ogre is almost dead.
Okay, then.
You are too berserk!
You are too berserk!
You hit the ogre.
The ogre is almost dead.
Pikel closely misses you. The lemure hits you!
* * * LOW HITPOINT WARNING * * *
The ogre hits you with a +0 giant spiked club!
You die...

#......55#########
#......55(.......O
#...<.c5##..##..# #
.?.......## #5... .#
.........# #5.## ..#
..........# #)5# ...#
.<.........###..###....#
.#.....#.#....cKO...#
#####.#.#....55@...#
#.#...###..###....# ..
#..# #...# . #..# #..#
.... .## ..##. # ...
####


You could see Pikel, an ogre, 4 lemures, a centaur and a white imp.

Vanquished Creatures
  2 water moccasins
  2 ice beasts (D:6)
  2 ogres
  A centaur (D:7)
  A kobold brigand (D:6)
  3 scorpions (D:4)
  5 wights (D:4)
  4 hounds
  5 jellies
  2 orc priests
  3 iguanas
  An orc wizard (D:2)
  Robin (D:4)
  3 gnolls (D:4)
  14 adders
  A shadow imp (D:6)
  2 white imps
  4 dart slugs
  9 orcs
  11 bats
  17 endoplasms
  5 giant cockroaches
  20 goblins
  7 hobgoblins
  2 jackals (D:1)
  14 kobolds
  8 quokkas
  4 ball pythons
  3 frilled lizards
  9 rats
165 creatures vanquished.

Notes
Turn   | Place    | Note
-------+----------+-------------------------------------------
     0 | D:1      | booth the Troll Gladiator began the quest for the Orb.
     0 | D:1      | Reached XP level 1. HP: 19/19 MP: 0/0
   131 | D:1      | Reached XP level 2. HP: 24/28 MP: 1/1
   572 | D:1      | Reached XP level 3. HP: 33/35 MP: 2/2
  1286 | D:2      | Found a faded altar of an unknown god.
  1522 | D:2      | Reached skill level 4 in Unarmed Combat
  1522 | D:2      | Reached XP level 4. HP: 42/42 MP: 3/3
  2164 | D:3      | Reached XP level 5. HP: 49/49 MP: 4/4
  2798 | D:4      | Noticed an ogre
  2807 | D:4      | Killed an ogre
  2808 | D:4      | Reached XP level 6. HP: 59/59 MP: 5/5
  2858 | D:4      | Reached skill level 5 in Unarmed Combat
  2970 | D:4      | Noticed a water moccasin
  2979 | D:4      | Killed a water moccasin
  3014 | D:4      | Found a hide-covered altar of Uskayaw.
  3223 | D:4      | Identified the +3 whip "Tidit" {freeze, Int+5}
  3283 | D:4      | Noticed Robin
  3316 | D:4      | Killed Robin
  3320 | D:4      | Reached XP level 7. HP: 32/67 MP: 6/6
  3524 | D:4      | Reached skill level 6 in Unarmed Combat
  3579 | D:4      | Found a snail-covered altar of Cheibriados.
  3793 | D:4      | Found the +11 Singing Sword {sonic wave}
  3906 | D:4      | Found a staircase to the Ecumenical Temple.
  3934 | Temple   | Entered the Ecumenical Temple
  4094 | Temple   | Became a worshipper of Warmaster Okawaru
  4230 | D:4      | Gained mutation: You are vulnerable to cold. (rC-) [potion
                  | of mutation]
  4230 | D:4      | Gained mutation: You are vulnerable to heat. (rF-) [potion
                  | of mutation]
  4230 | D:4      | Gained mutation: You sometimes lose your temper in combat.
                  | [potion of mutation]
  4361 | D:5      | Entered Level 5 of the Dungeon
  4381 | D:5      | Reached XP level 8. HP: 64/78 MP: 7/7
  4863 | D:5      | Reached skill level 1 in Maces & Flails
  4898 | D:5      | Found a transporter.
  4925 | D:5      | Found a transporter.
  4947 | D:5      | Noticed foxicus's ghost (novice HOFi)
  5015 | D:5      | Found a one-way gate to the infinite horrors of the Abyss.
  5034 | D:5      | Found a burning altar of Makhleb.
  5969 | D:6      | Reached skill level 7 in Unarmed Combat
  6101 | D:6      | Reached * piety under Okawaru
  6671 | D:7      | Noticed Pikel
  6703 | D:7      | Slain by an ogre

Illustrated notes

Levels and vault maps discovered:
D:1:      eino_arrival_druids_welcome, layout_basic, minmay_close_crescents
D:2:      layout_loops_cross, shapermc_ecumenical_altar_mp_highgroup,
          minmay_misc_feat_encased
D:3:      cheibrodos_fertilizer, layout_rooms, serial_corexii_hall,
          chequers_hall_statues_corner_a, corexii_hall_statues_i,
          corexii_hall_statues_u, corexii_hall_statues_u,
          nicolae_underground_beach
D:4:      old_forge, layout_loops_ring, lemuel_coloured_pillars_altar,
          cheibriados_altar_1, minmay_temple_entry_purple_smoke,
          chequers_ossuary_entry_cave, grunt_ministairs_4,
          chequers_serial_rivers_micro_c, uniq_robin
D:5:      layout_basic, mainiacjoe_overflow_alcove_2,
          gammafunk_ghost_abyssal_escape, serial_bayou_lagoon_a
D:6:      layout_loops_corners
D:7:      layout_rooms, nemelex_xobeh_ov_fountains_minmay,
          palyth_stone_intersect, nicolae_shop_i_like_small_books_too,
          minmay_fractal_squares_diagonal_5, uniq_pikel
Temple:   bh_familiar_temple

Skill      XL: |  1  2  3  4  5  6  7  8 |
---------------+-------------------------+-----
Throwing       | 2 3 4 |  4.8
Fighting       | 2 3 4 |  4.3
Unarmed Combat | 4 5 6 7 |  7.3
Dodging        | 3 4 |  4.8
Maces & Flails | 3 |  3.4

Action                     |  1- 3 |  4- 6 |  7- 9 || total
---------------------------+-------+-------+-------++-------
  Melee: Unarmed           |   121 |   142 |    83 ||   346
         Punch             |     3 |     1 |     2 ||     6
         Giant club        |       |       |   153 ||   153
  Throw: Dart              |       |     2 |       ||     2
         Large rock        |       |     2 |     3 ||     5
         Throwing net      |       |       |     1 ||     1
    Use: Scroll            |     3 |     6 |     6 ||    15
         Potion            |     1 |       |     6 ||     7
   Stab: Distracted        |       |     1 |       ||     1
 Armour: Robe              |    30 |    33 |    70 ||   133
  Dodge: Dodged            |    46 |    68 |   152 ||   266
